 Dungeon Crawl Stone Soup version 0.24-a0-232-g49d9ff8 (webtiles) character file.

Game seed: 9936479272688183378

145 Ijustatesigmund the Chopper (level 5, -4/36 HPs)
             Began as an Octopode Fighter on Apr 4, 2019.
             Slain by a gnoll
             ... wielding a +0 spear
              (7 damage)
             ... on level 3 of the Dungeon.
             The game lasted 00:03:30 (2477 turns).

Ijustatesigmund the Chopper (Octopode Fighter)      Turns: 2477, Time: 00:03:32

Health: -4/36      AC:  1    Str: 20    XL:     5   Next: 27%
Magic:  5/5        EV: 12    Int: 10    God:
Gold:   145        SH:  0    Dex: 13    Spells: 4/4 levels left

rFire    . . .     SeeInvis .   a - +1 war axe
rCold    . . .     Gourm    .   b - +1 shield
rNeg     . . .     Faith    .   (helmet restricted)
rPois    .         Spirit   .   e - +3 amulet of reflection
rElec    .         Reflect  +   (no ring)
rCorr    .         Harm     .   (no ring)
MR       .....                  (no ring)
Stlth    ++........             (no ring)
HPRegen  0.12/turn              (no ring)
MPRegen  0.09/turn              (no ring)
                                (no ring)
                                (no ring)

@: confused, mighty
A: almost no armour, stealthy swim, amphibious, 8 rings, constrict 8, camouflage
1, gelatinous body 1
a: no special abilities


You were on level 3 of the Dungeon.
You were very hungry.

You visited 1 branch of the dungeon, and saw 3 of its levels.

You collected 145 gold pieces.

Inventory:

Hand Weapons
 a - a +1 war axe (weapon)
Armour
 b - a +1 shield (worn)
Jewellery
 e - a +3 amulet of reflection (around mantle)
Scrolls
 g - a scroll of enchant weapon
 h - 3 scrolls of teleportation
 k - a scroll of immolation
 m - a scroll of amnesia {unknown}
Potions
 f - a potion of curing
 i - a potion of brilliance
 j - a potion of invisibility {unknown}
 n - a potion of heal wounds {unknown}
Comestibles
 d - 4 rations


   Skills:
 + Level 3.3 Fighting
 + Level 4.6 Axes
 + Level 3.3 Dodging
 + Level 3.3 Shields


You had 4 spell levels left.
You didn't know any spells.
Your spell library was empty.

Dungeon Overview and Level Annotations

Branches:
Dungeon (3/15)

Altars:
Hepliaklqana
Kikubaaqudgha
Uskayaw


Innate Abilities, Weirdness & Mutations

You cannot wear most types of armour.
You are very stealthy in the water. (Stealth+)
You are amphibious.
You can wear up to eight rings at the same time.
You can use your tentacles to constrict eight enemies at once.
Your skin changes colour to match your surroundings (Stealth+).
Your rubbery body absorbs attacks. (AC +1, EV +1)


Message History

You are too injured to fight recklessly!
You are too injured to fight recklessly!
You are too injured to fight recklessly!
You are too injured to fight recklessly!
You are too injured to fight recklessly!
You are too injured to fight recklessly!
You are too injured to fight recklessly!
It was a potion of ambrosia.
You are confused.
You feel invigorated. The gnoll barely misses you. x2
The gnoll hits you from afar with a +0 spear.
The gnoll hits you with a +0 spear!
* * * LOW HITPOINT WARNING * * *
You slash the gnoll! You squeeze the gnoll.
You kill the gnoll!
You slash the gnoll! The gnoll closely misses you.
The gnoll hits you from afar with a +0 spear.
* * * LOW HITPOINT WARNING * * *
The gnoll hits you with a +0 spear!
You die...

####### #.)....
#.###..
#########.# #..
#+###.........#
#..
#.#...(########
#.. #.......#
#.. #.......#
#.. #)@.....#
### #.gg.†....#
#..g#........
......#.#.#####
#####.#.#...
#.#.#....
#.#.##....
#.#.. ....


You could see 3 gnolls.

Vanquished Creatures
  A gnoll (D:3)
  3 adders
  2 oozes
  An adder skeleton (D:3)
  3 worms
  4 dart slugs
  4 leopard geckos
  3 ball pythons
  10 bats
  6 giant cockroaches
  3 goblins
  7 hobgoblins
  3 jackals (D:1)
  8 kobolds
  5 quokkas
  8 frilled lizards
  6 rats
77 creatures vanquished.

Notes
Turn   | Place    | Note
-------+----------+-------------------------------------------
     0 | D:1      | Ijustatesigmund the Octopode Fighter began the quest for
                  | the Orb.
     0 | D:1      | Reached XP level 1. HP: 16/16 MP: 1/1
    44 | D:1      | Reached XP level 2. HP: 21/21 MP: 2/2
    89 | D:1      | Reached skill level 3 in Axes
   331 | D:1      | Reached XP level 3. HP: 26/26 MP: 3/3
   921 | D:2      | Found an ancient bone altar of Kikubaaqudgha.
   943 | D:2      | Found a faded altar of an unknown god.
   957 | D:2      | Reached skill level 4 in Axes
   959 | D:2      | Reached XP level 4. HP: 26/31 MP: 4/4
  1815 | D:2      | Found a hazy altar of Hepliaklqana.
  1893 | D:2      | Found a hide-covered altar of Uskayaw.
  2159 | D:3      | Reached XP level 5. HP: 27/36 MP: 5/5
  2477 | D:3      | Slain by a gnoll

Levels and vault maps discovered:
D:1:      dpeg_arrival_prison, layout_basic
D:2:      layout_loops_ring, marbit_many_paths, nicolae_overflow_hidden_temple,
          kiku_gazebo_pond_becter, serial_rivers, chequers_serial_rivers_marsh,
          chequers_serial_rivers_micro_e, chequers_serial_rivers_micro_b,
          chequers_serial_rivers_micro_a, chequers_serial_rivers_micro_d,
          first_ration, chequers_ecumenical_altar_simple,
          kennysheep_cluttered_room, minmay_misc_feat_secret_circle
D:3:      layout_basic, wad_floor_pattern_2

Skill      XL: |  1  2  3 |
---------------+----------+-----
Axes           | 3 4 |  4.6
Fighting       | |  3.3
Dodging        | |  3.3
Shields        | |  3.3

Action                   |  1- 3 |  4- 6 || total
-------------------------+-------+-------++-------
Melee: War axe           |    62 |    63 ||   125
       Constrict         |    17 |    19 ||    36
       Tentacles         |    11 |     7 ||    18
  Use: Scroll            |     4 |     4 ||     8
       Potion            |       |     2 ||     2
 Stab: Sleeping          |    10 |     5 ||    15
  Eat: Chunk             |       |     4 ||     4
Armor: Skin              |     7 |     3 ||    10
Dodge: Dodged            |    28 |    34 ||    62
Block: Shield            |    41 |    30 ||    71
       Reflection        |       |     4 ||     4

Table legend:
 A = Non-vault XP
 B = Vault XP
 C = Vault XP percentage of total XP
 D = Non-vault monster count
 E = Vault monster count
 F = Vault count percentage of total count
                 A         B        C        D         E       F
            +---------+---------+-------+---------+---------+-------
      Total |     198 |      10 |   4.8 |      71 |       6 |   7.8
            +---------+---------+-------+---------+---------+-------
        D:1 |      56 |       9 |  13.8 |      29 |       5 |  14.7
        D:2 |      79 |       1 |   1.2 |      26 |       1 |   3.7
        D:3 |      63 |       0 |   0.0 |      16 |       0 |   0.0
            +---------+---------+-------+---------+---------+-------
